 Dungeon Crawl Stone Soup version 0.29.1-2-gbd0b4ee654 (webtiles) character file.

Game seed: 10475456888138066644

102 warriortoast the Digger (level 4, -1/25 HPs)
             Began as a Gargoyle Earth Elementalist on Nov 28, 2022.
             Slain by Ijyb
             ... wielding a +0 club
              (3 damage)
             ... on level 3 of the Dungeon.
             The game lasted 00:03:44 (1867 turns).

warriortoast the Digger (GrEE)                      Turns: 1867, Time: 00:03:45

Health: -1/25      AC:  6    Str: 14    XL:     4   Next: 77%
Magic:  5/7        EV: 12    Int: 15    God:
Gold:   139        SH:  0    Dex: 10    Spells: 6/7 levels left

rFire   . . .      SeeInvis .   f - +0 club
rCold   . . .      Faith    .   (no shield)
rNeg    + . .      Spirit   .   a - +0 robe
rPois   ∞          Reflect  .   (no helmet)
rElec   +          Harm     .   (no cloak)
rCorr   .          Rampage  .   (no gloves)
Will    .....                   c - +0 pair of boots
Stlth   ++........              (no amulet)
HPRegen 0.08/turn               (no ring)
MPRegen 0.10/turn               (no ring)

@: no status effects
A: sickness immunity, AC +3, negative energy resistance 1, electricity
resistance, torment resistance 1, petrification resistance
a: no special abilities


You were on level 3 of the Dungeon.
You visited 1 branch of the dungeon, and saw 3 of its levels.

You collected 139 gold pieces.

Inventory:

Hand Weapons
 f - a +0 club (weapon)
Armour
 a - a +0 robe (worn)
 c - a +0 pair of boots (worn)
Scrolls
 g - 5 scrolls of teleportation {unknown}
 i - 2 scrolls of blinking {unknown}
 k - a scroll of identify {unknown}
 l - a scroll of torment {unknown}
 m - a scroll of vulnerability {unknown}
 n - 2 scrolls of poison {unknown}
Potions
 b - a potion of magic
 d - 2 potions of curing {unknown}
 e - 3 potions of brilliance {unknown}
 h - a potion of attraction {unknown}
 j - a potion of flight {unknown}
 o - a potion of heal wounds {unknown}
 p - a potion of degeneration {unknown}


   Skills:
 + Level 1.6 Fighting
 + Level 2.1 Dodging
 + Level 3.0 Stealth
 + Level 2.4 Spellcasting
 + Level 1.5 Transmutations
 + Level 4.2 Earth Magic


You had 6 spell levels left.
You knew the following spells:

 Your Spells              Type           Power      Damage    Failure   Level
a - Sandblast             Erth           28%        2d8       3%          1

Your spell library contained the following spells:

 Spells                   Type           Power      Damage    Failure   Level
 Passwall                 Tmut/Erth      8%         N/A       10%         2
 Necrotise                Necr           4%         1d4       22%         1
 Stone Arrow              Conj/Erth      16%        3d8       26%         3
 Vampiric Draining        Necr           1%         2d6       54%         3
 Petrify                  Tmut/Erth      10%        N/A       54%         4
 Agony                    Necr           1%         N/A       99%         5


Dungeon Overview and Level Annotations

Branches:
Dungeon (3/15)

Altars:

Shops:
D:2 (

Annotations:
D:3 Ijyb


Innate Abilities, Weirdness & Mutations

You are immune to sickness and miasma.
Your stone body is resilient. (AC +3)
You are immune to poison.
You resist negative energy. (rN+)
You are resistant to electric shocks. (rElec)
You are resistant to unholy torment.
You are immune to petrification.


Message History

The grasping roots grab you! The grasping roots constrict you.
The blast of sand hits Ijyb.
Ijyb is lightly wounded.
The grasping roots constrict you. x2
The grasping roots release their grip on you.
You are too injured to fight recklessly!
You are too injured to fight recklessly!
You are too injured to fight recklessly!
You are too injured to fight recklessly!
Aiming: Sandblast (safe; 3% risk of failure)
Press: ? - help, Q - select action Shift-Dir - straight line, f/p - Ijyb
Aim: Ijyb, wielding a +0 club, wearing a +0 leather armour and carrying a wand of roots (5) (lightly wounded, 77% to hit)
The blast of sand hits Ijyb.
Ijyb is moderately wounded.
Ijyb zaps a wand.
The roots erupt in riotous growth!
The grasping roots grab you! The grasping roots constrict you.
Unknown command.
The roots grasp on you weakens, but your attempt to escape fails.
The grasping roots constrict you.
* * * LOW HITPOINT WARNING * * *
The grasping roots release their grip on you.
You hit Ijyb but do no damage. Your punch misses Ijyb.
Ijyb is moderately wounded.
Ijyb hits you with a +0 club.
* * * LOW HITPOINT WARNING * * *
You hit Ijyb.
Ijyb is moderately wounded.
Ijyb barely misses you.
Ijyb screams, "Level is mine!
All mine!"
Ijyb hits you but does no damage.
You closely miss Ijyb.
Ijyb is moderately wounded.
Ijyb screams, "Me very upset!"
Ijyb hits you but does no damage.
You barely miss Ijyb.
Ijyb is moderately wounded.
Ijyb hits you with a +0 club.
You die...

#... #..# .#.#
#...##..##.#.#.#
....#...... ..#
#..#..#..#...# #
#........#...#
##.#....)#..#...#
................##.
#.##..............
#.#.......@g.$.#
#.#..##.#..#......
#######.#.........".....
...........####..#...###
.......................
#..<....................
#..####.#............###
#..# #.#..#####.....#
#..# #.#..### #.


You could see Ijyb.

Vanquished Creatures
  5 adders
  A dart slug (D:1)
  3 bats
  5 endoplasms
  A giant cockroach (D:2)
  7 goblins
  A hobgoblin (D:1)
  8 jackals
  6 kobolds
  3 quokkas (D:2)
  4 ball pythons
  3 frilled lizards
  3 rats
50 creatures vanquished.

Vanquished Creatures (others)
  5 toadstools (D:1)
5 creatures vanquished.

Grand Total: 55 creatures vanquished

Notes
Turn   | Place    | Note
-------+----------+-------------------------------------------
     0 | D:1      | warriortoast the Gargoyle Earth Elementalist began the
                  | quest for the Orb.
     0 | D:1      | Reached XP level 1. HP: 10/10 MP: 3/3
   210 | D:1      | Reached skill level 1 in Transmutations
   210 | D:1      | Reached XP level 2. HP: 16/16 MP: 1/5
   700 | D:1      | Reached XP level 3. HP: 15/20 MP: 0/6
  1012 | D:2      | Reached skill level 1 in Fighting
  1012 | D:2      | Reached skill level 4 in Earth Magic
  1060 | D:2      | Reached XP level 4. HP: 22/25 MP: 2/7
  1361 | D:2      | Found Hohar's Weapon Emporium.
  1598 | D:2      | Found a faded altar of an unknown god.
  1856 | D:3      | Noticed Ijyb
  1867 | D:3      | Slain by Ijyb

Illustrated notes

Levels and vault maps discovered:
D:1:      ldierk_walled_garden, layout_basic
D:2:      layout_basic, serial_shops, shop, hellmonk_ecumenical_altar_run_dry
D:3:      layout_basic, serial_bayou_lagoon_b, uniq_ijyb

Skill      XL: |  1  2  3  4 |
---------------+-------------+-----
Transmutations | 1 |  1.5
Fighting       | 1 |  1.6
Earth Magic    | 4 |  4.2
Dodging        | 2 |  2.1
Stealth        | 3 |  3.0
Spellcasting   | |  2.4

Action                   |  1- 3 |  4- 6 || total
-------------------------+-------+-------++-------
Melee: Club              |     9 |     4 ||    13
 Cast: Sandblast         |    40 |    38 ||    78
Armor: Robe              |    19 |    14 ||    33
Dodge: Dodged            |    28 |    17 ||    45
